 Dungeon Crawl Stone Soup version 0.25-a0-815-gab441bd002 (webtiles) character file.

Game seed: 16085677823398007088, levelgen mode: deterministic

1819 Hartz the Digger (level 9, -2/49 HPs)
             Began as a Gargoyle Earth Elementalist on Apr 20, 2020.
             Was an Initiate of Vehumet.
             Slain by an orc warrior
             ... wielding a +0 halberd
              (16 damage)
             ... on level 7 of the Dungeon.
             The game lasted 00:12:06 (5599 turns).

Hartz the Digger (Gargoyle Earth Elementalist)      Turns: 5599, Time: 00:12:07

Health: -2/49      AC:  8    Str: 12    XL:     9   Next: 10%
Magic:  4/17       EV: 12    Int: 21    God:    Vehumet [......]
Gold:   180        SH:  0    Dex: 10    Spells: 9/19 levels left

rFire    . . .     SeeInvis .   u - +5 whip (elec)
rCold    . . .     Gourm    .   (no shield)
rNeg     + . .     Faith    .   c - +0 robe
rPois    ∞         Spirit   .   (no helmet)
rElec    +         Reflect  .   (no cloak)
rCorr    .         Harm     .   (no gloves)
MR       .....                  (no boots)
Stlth    ++........             (no amulet)
HPRegen  0.16/turn              i - +2 ring of intelligence
MPRegen  0.15/turn              (no ring)

@: no status effects
A: negative energy resistance 1, electricity resistance, unbreathing,
petrification resistance, rot immunity, AC +6
a: Renounce Religion


You were on level 7 of the Dungeon.
You worshipped Vehumet.
Vehumet was noncommittal.
You were very hungry.

You visited 2 branches of the dungeon, and saw 8 of its levels.

You collected 180 gold pieces.

Inventory:

Hand Weapons
 g - the +3 rapier "Tiext" {freeze, rC- Int+2 Stlth+}
   (You found it on level 4 of the Dungeon)

   It has been specially enchanted to freeze those struck by it, causing extra
   injury to most foes and up to half again as much damage against particularly
   susceptible opponents.
   It can also slow down cold-blooded creatures.
   It affects your intelligence (+2).
   It makes you vulnerable to cold.
   It makes you more stealthy.
 s - a +2 flail of protection
 u - a +5 whip of electrocution (weapon)
 x - a +0 morningstar
Missiles
 b - 100 stones (quivered)
Armour
 c - a +0 robe (worn)
Magical Staves
 e - an uncursed staff of wizardry {unknown}
Jewellery
 i - a +2 ring of intelligence (left hand)
 m - an uncursed ring of fire
Wands
 t - a wand of digging (3)
Scrolls
 h - a scroll of amnesia
 n - a scroll of blinking
 o - 3 scrolls of remove curse
 p - 3 scrolls of teleportation
Potions
 a - 2 potions of lignification
 f - 3 potions of might
 j - a potion of flight {unknown}
 k - a potion of haste {unknown}
 l - 2 potions of curing
 w - 2 potions of stabbing
Comestibles
 d - 11 rations


   Skills:
 + Level 2.5 Fighting
 + Level 2.2 Maces & Flails
 + Level 2.4 Armour
 + Level 2.6 Dodging
 - Level 2.1 Stealth
 + Level 5.6 Spellcasting
 + Level 5.8 Conjurations
   Level 0.7 Transmutations
 + Level 7.8 Earth Magic
 + Level 2.0 Evocations


You had 9 spell levels left.
You knew the following spells:

 Your Spells              Type           Power        Failure   Level  Hunger
a - Sandblast             Erth           #####.       1%          1    None
b - Stone Arrow           Conj/Erth      ####..       1%          3    ##.....
c - Lee's Rapid Deconstr  Erth           #####.....   11%         5    #####..
d - Apportation           Tloc           #.....       10%         1    None

Your spell library contained the following spells:

 Spells                   Type           Power        Failure   Level  Hunger
 Passwall                 Tmut/Erth      ###.....     2%          2    None
 Animate Skeleton         Necr           N/A          10%         1    None
 Corona                   Hex            #......      10%         1    None
 Summon Small Mammal      Summ           #...         10%         1    None
 Petrify                  Tmut/Erth      ###.....     17%         4    ####...


Dungeon Overview and Level Annotations

Branches:
Dungeon (7/15)             Temple (1/1) D:6

Altars:
Ashenzari
Cheibriados
Dithmenos
Elyvilon
Gozag
Kikubaaqudgha
Makhleb
Nemelex Xobeh
Okawaru
Qazlal
Ru
Trog
Uskayaw
Vehumet
Xom
Yredelemnul
The Shining One

Annotations:
D:4 1 runed translucent door, chipmonk's ghost, amateur MiFi


Innate Abilities, Weirdness & Mutations

You are resistant to torment.
Your stone body is resilient. (AC +6)
You are immune to poison.
You resist negative energy. (rN+)
You are resistant to electric shocks. (rElec)
You can survive without breathing.
You are immune to petrification.
You are immune to rotting.


Message History

Press: ? - help, Shift-Dir - straight line, f/p - orc warrior
Aim: an orc warrior, wielding a +0 halberd and wearing a +0 chain mail (heavily wounded)
The blast of sand hits the orc warrior.
The orc warrior is heavily wounded.
b - 101 stones The orc warrior misses you.
Casting: Sandblast (safe; 1% risk of failure)
Confirm with . or Enter, or press ? or * to list all spells.
Aiming: Sandblast (safe; 1% risk of failure)
Press: ? - help, Shift-Dir - straight line, f/p - orc warrior
Aim: an orc warrior, wielding a +0 halberd and wearing a +0 chain mail (heavily wounded)
The blast of sand hits the orc warrior!
The orc warrior is almost dead.
b - 100 stones The orc warrior hits you with a +0 halberd!
* * * LOW HITPOINT WARNING * * *
Unknown command.
You feel better.
The orc warrior hits you with a +0 halberd!
You die... #.############# #....<.@o)5.... ##############.

You could see an orc warrior and a crimson imp.

Vanquished Creatures
  An ice beast (D:4)
  An orc warrior (D:6)
  A sky beast (D:5)
  2 phantoms
  An ogre (D:6)
  A necrophage (D:6)
  A black bear (D:6)
  A centaur (D:6)
  A bullfrog (D:6)
  A scorpion (D:6)
  4 wights (D:6)
  A centaur zombie (D:6)
  5 orc priests
  A bullfrog skeleton (D:4)
  Ijyb (D:3)
  6 worker ants
  2 orc wizards (D:5)
  A hound zombie (D:5)
  A howler monkey zombie (D:5)
  A worker ant zombie (D:5)
  7 gnolls
  10 adders
  An adder skeleton (D:4)
  3 worms
  2 dart slugs
  2 leopard geckos
  16 orcs
  4 giant cockroaches
  11 goblins
  7 hobgoblins
  5 kobolds
  3 quokkas
  2 ball pythons
  10 bats
  5 frilled lizards
  A giant cockroach zombie (D:5)
  4 rats
127 creatures vanquished.

Notes
Turn   | Place    | Note
-------+----------+-------------------------------------------
     0 | D:1      | Hartz the Gargoyle Earth Elementalist began the quest for
                  | the Orb.
     0 | D:1      | Reached XP level 1. HP: 10/10 MP: 3/3
   237 | D:1      | Reached XP level 2. HP: 13/15 MP: 5/5
   277 | D:1      | Reached skill level 4 in Earth Magic
   689 | D:2      | Reached XP level 3. HP: 19/19 MP: 1/7
   694 | D:2      | Learned a level 3 spell: Stone Arrow
   856 | D:2      | Reached skill level 1 in Conjurations
   856 | D:2      | Reached XP level 4. HP: 21/24 MP: 6/8
  1578 | D:3      | Noticed Ijyb
  1587 | D:3      | Reached skill level 5 in Earth Magic
  1594 | D:3      | Killed Ijyb
  1594 | D:3      | Reached XP level 5. HP: 23/28 MP: 0/10
  1908 | D:3      | Learned a level 5 spell: Lee's Rapid Deconstruction
  2406 | D:4      | Noticed a phantom
  2420 | D:4      | Killed a phantom
  2420 | D:4      | Reached XP level 6. HP: 27/32 MP: 4/12
  2424 | D:4      | Got a warped rapier
  2425 | D:4      | Identified the cursed +3 rapier "Tiext" {freeze, rC- Int+2
                  | Stlth+} (You found it on level 4 of the Dungeon)
  2545 | D:4      | Found a shadowy altar of Dithmenos.
  2607 | D:4      | Reached skill level 6 in Earth Magic
  2902 | D:4      | Noticed an ice beast
  2911 | D:4      | Killed an ice beast
  2911 | D:4      | Reached XP level 7. HP: 13/36 MP: 5/13
  3402 | D:4      | Found a runed translucent door.
  3403 | D:4      | Noticed chipmonk's ghost (amateur MiFi)
  3442 | D:5      | Entered Level 5 of the Dungeon
  4077 | D:5      | Learned a level 1 spell: Apportation
  4134 | D:5      | Reached skill level 5 in Spellcasting
  4134 | D:5      | Reached skill level 7 in Earth Magic
  4266 | D:5      | Reached XP level 8. HP: 38/41 MP: 15/15
  4940 | D:6      | Reached skill level 5 in Conjurations
  5044 | D:6      | Reached skill level 1 in Fighting
  5044 | D:6      | Reached skill level 1 in Maces & Flails
  5044 | D:6      | Reached skill level 1 in Armour
  5052 | D:6      | Reached skill level 1 in Evocations
  5321 | D:6      | Found a staircase to the Ecumenical Temple.
  5344 | D:6      | Reached XP level 9. HP: 32/48 MP: 17/17
  5351 | Temple   | Entered the Ecumenical Temple
  5390 | Temple   | Became a worshipper of Vehumet
  5599 | D:7      | Slain by an orc warrior

Levels and vault maps discovered:
D:1:      dpeg_arrival_simpleton_b, layout_rooms
D:2:      layout_basic
D:3:      layout_basic, uniq_ijyb
D:4:      layout_rooms, ebering_ghost_inner_flame, grunt_dithmenos_smoke
D:5:      layout_basic, first_ration
D:6:      layout_rooms, minmay_temple_entry_glassed_door
D:7:      layout_loops_ring, uniq_harold
Temple:   compressed_dpeg_circular_temple

Skill      XL: |  1  2  3  4  5  6  7  8  9 |
---------------+----------------------------+-----
Earth Magic    | 4 5 6 7 |  7.8
Spellcasting   | 3 4 5 |  5.6
Conjurations   | 1 2 3 4 5 |  5.8
Fighting       | 2 |  2.5
Maces & Flails | 2 |  2.2
Armour         | 2 |  2.4
Evocations     | 1 2 |  2.0
Dodging        | 2 |  2.6
Stealth        | |  2.1
Transmutations | |  0.7

Action                   |  1- 3 |  4- 6 |  7- 9 || total
-------------------------+-------+-------+-------++-------
Melee: Dagger            |    18 |       |       ||    18
       Unarmed           |     8 |       |       ||     8
       Mace              |    83 |    51 |       ||   134
       Long sword        |       |    40 |       ||    40
       Whip              |       |    10 |   103 ||   113
       Rapier            |       |    16 |    67 ||    83
 Cast: Sandblast         |    14 |    44 |    39 ||    97
       Lee's Rapid Decon |       |       |     7 ||     7
Evoke: Wand              |       |       |     1 ||     1
  Use: Scroll            |     4 |     6 |     7 ||    17
       Potion            |       |       |     4 ||     4
 Stab: Sleeping          |     2 |     2 |     3 ||     7
  Eat: Chunk             |       |     7 |     6 ||    13
       Ration            |       |       |     1 ||     1
Armor: Robe              |    75 |    58 |    57 ||   190
Dodge: Dodged            |   144 |   114 |   115 ||   373
       Rpst.: Long sword |       |     8 |       ||     8

Table legend:
 A = Non-vault XP
 B = Vault XP
 C = Vault XP percentage of total XP
 D = Non-vault monster count
 E = Vault monster count
 F = Vault count percentage of total count
                 A         B        C        D         E       F
            +---------+---------+-------+---------+---------+-------
      Total |    2563 |      36 |   1.4 |     126 |       1 |   0.8
            +---------+---------+-------+---------+---------+-------
        D:1 |      28 |       0 |   0.0 |      18 |       0 |   0.0
        D:2 |      93 |       0 |   0.0 |      26 |       0 |   0.0
        D:3 |     108 |      36 |  25.0 |      20 |       1 |   4.8
        D:4 |     553 |       0 |   0.0 |      18 |       0 |   0.0
        D:5 |     429 |       0 |   0.0 |      22 |       0 |   0.0
        D:6 |    1272 |       0 |   0.0 |      18 |       0 |   0.0
        D:7 |      80 |       0 |   0.0 |       4 |       0 |   0.0
            +---------+---------+-------+---------+---------+-------
